 Dungeon Crawl Stone Soup version 0.30-a0-141-g30f27751c5 (webtiles) character file.

Game seed: 5493273062805294296

1316 Lolow the Poker (level 8, -9/55 HPs)
             Began as a Merfolk Venom Mage on Sept 25, 2022.
             Was a Believer of Makhleb.
             Mangled by an orc warrior
             ... wielding a +0 scimitar
              (12 damage)
             ... on level 6 of the Dungeon.
             The game lasted 01:16:26 (7879 turns).

Lolow the Poker (Merfolk Venom Mage)                Turns: 7879, Time: 01:16:27

Health: -9/55      AC:  9    Str:  8    XL:     8   Next: 59%
Magic:  6/14       EV: 14    Int: 16    God:    Makhleb [**....]
Gold:   325        SH:  5    Dex: 15    Spells: 4/15 levels left

rFire   . . .      SeeInvis .    a - +3 spear (vamp)
rCold   . . .      Faith    .    (no shield)
rNeg    . . .      Spirit   .    C - +2 robe {Will+}
rPois   +          Reflect  +    q - +2 hat
rElec   .          Harm     .    (no cloak)
rCorr   .          Rampage  .    o - +0 pair of gloves
Will    +....                    A - +1 pair of boots of Gestures {rPois}
Stlth   ++........               j - amulet of reflection
HPRegen 0.18/turn                (no ring)
MPRegen 0.14/turn                (no ring)

@: no status effects
A: (nimble swimmer 2), mertail
a: Renounce Religion, Minor Destruction


You were on level 6 of the Dungeon.
You worshipped Makhleb.
Makhleb was pleased with you.
You visited 1 branch of the dungeon, and saw 6 of its levels.

You collected 325 gold pieces.

Inventory:

Hand Weapons
 a - a +3 vampiric spear (weapon)
 b - a +1 shortbow of freezing
 c - a +0 whip
 d - a +0 club
 g - a +0 dagger
 B - a +0 sling
Missiles
 n - 3 stones
 p - 5 javelins
 G - 3 poisoned darts
Armour
 k - a +0 robe
 o - a +0 pair of gloves (worn)
 q - a +2 hat (worn)
 s - a +0 leather armour
 w - a +3 scale mail
 y - a +0 pair of boots
 A - the +1 pair of boots of Gestures (worn) {rPois}
   (You found it on level 5 of the Dungeon)

   rPois:     It protects you from poison.
 C - a +2 robe of willpower (worn)
Jewellery
 e - a ring of ice
 j - an amulet of reflection (around neck)
Wands
 D - a wand of flame (6)
 E - a wand of polymorph (8) (quivered)
Scrolls
 h - a scroll of vulnerability
 r - a scroll of brand weapon
Potions
 f - 2 potions of lignification
 i - 2 potions of heal wounds
 l - a potion of magic
 m - 3 potions of curing
 t - a potion of haste
 u - a potion of invisibility {unknown}
 v - a potion of mutation {unknown}
 x - a potion of degeneration {unknown}
 z - a potion of flight {unknown}


   Skills:
 + Level 1.6 Fighting
 + Level 0.8 Short Blades
 + Level 5.3 Polearms
 + Level 1.3 Ranged Weapons
 + Level 3.5 Throwing
 + Level 1.0 Armour
 + Level 5.3 Dodging
 + Level 3.6 Stealth
 + Level 0.9 Shields
 + Level 4.1 Spellcasting
 + Level 0.2 Summonings
 + Level 1.0 Necromancy
 + Level 2.1 Transmutations
 + Level 2.1 Air Magic
 + Level 4.2 Poison Magic


You had 4 spell levels left.
You knew the following spells:

 Your Spells              Type           Power      Damage    Failure   Level
a - Sting                 Tmut/Pois      52%        1d5       4%          1
b - Poisonous Vapours     Pois/Air       26%        N/A       7%          2
c - Wereblood             Tmut           10%        N/A       11%         2
d - Necrotise             Necr           24%        1d5       11%         1
e - Summon Small Mammal   Summ           16%        N/A       16%         1
f - Olgreb's Toxic Radia  Pois           16%        N/A       28%         4

Your spell library contained the following spells:

 Spells                   Type           Power      Damage    Failure   Level
 Cigotuvi's Dreadful Rot  Necr/Pois/Air  22%        N/A       9%          2
 Spider Form              Tmut/Pois      13%        N/A       14%         3
 Sublimation of Blood     Necr           6%         N/A       16%         2
 Apportation              Tloc           6%         N/A       17%         1
 Mephitic Cloud           Conj/Pois/Air  10%        N/A       21%         3
 Ensorcelled Hibernation  Hex/Ice        6%         N/A       26%         2
 Inner Flame              Hex/Fire       3%         N/A       45%         3
 Dispel Undead            Necr           6%         3d8       71%         4
 Anguish                  Hex/Necr       2%         N/A       78%         4
 Cause Fear               Hex            1%         N/A       86%         4
 Death Channel            Necr           3%         N/A       100%        6
 Summon Hydra             Summ           2%         N/A       100%        7
 Discord                  Hex            1%         N/A       100%        8


Dungeon Overview and Level Annotations

Branches:
Dungeon (6/15)             Temple (0/1) D:6

Altars:
Cheibriados
Makhleb
Yredelemnul

Annotations:
D:5 Duvessa


Innate Abilities, Weirdness & Mutations

((You are very nimble when in or above water. (Stealth+, EV+, Speed+++)))
Your lower body shifts to a powerful aquatic tail in water.


Message History

The orc warrior is moderately wounded.
A magic dart appears from out of thin air!
The magic dart hits you.
Your magical contamination has completely faded away.
You barely miss the orc warrior.
The orc warrior is heavily wounded.
The orc warrior closely misses you.
You hear some strange, mumbled words.
Something tries to affect you, but you resist.
You barely miss the orc warrior.
The orc warrior is heavily wounded.
The orc warrior hits you but does no damage.
You closely miss the orc warrior.
The orc warrior is heavily wounded.
The orc warrior closely misses you.
You closely miss the orc warrior.
The orc warrior is severely wounded.
The orc warrior misses you.
You hit the orc warrior but do no damage.
The orc warrior is severely wounded.
You hit the orc warrior but do no damage.
The orc warrior is severely wounded.
You hear some strange, mumbled words.
Something tries to affect you, but you resist.
You hit the orc warrior but do no damage.
The orc warrior is almost dead.
The orc warrior hits you with a +0 scimitar!
* * * LOW HITPOINT WARNING * * *
A magic dart appears from out of thin air!
The magic dart hits you.
* * * LOW HITPOINT WARNING * * *
You hear some strange, mumbled words.
Something tries to affect you, but you resist.
You feel better.
The orc warrior hits you with a +0 scimitar!
* * * LOW HITPOINT WARNING * * *
Unknown command.
The orc warrior attacks as you move away!
The orc warrior hits you with a +0 scimitar!
You die...

.....[....#.....................#
..........#.....................#
#####...####.####.##...##....#..#
...##...####.####.##...##....####
...#....#...............#.....#
...#....#...............#.....#
...+....#......).######.'.....#
.####>##########'#≈~≈≈###....##
#####.## ##.@#~≈~≈###....##
.......# #.)o'≈~≈~'.#.>....
.)<....# #...#~≈~≈#.#......
.......# #...#≈~≈≈#.o.....o
.......# #...######.#....o.
######## ##### #########


You could see an orc warrior (very poisoned).

Vanquished Creatures
  A black bear (D:6)
  2 ogres
  A centaur (D:5)
  A phantom (D:6)
  A scorpion (D:3)
  2 necrophages (D:5)
  A howler monkey (D:6)
  3 jellies
  3 orc priests
  3 hounds
  3 iguanas
  4 orc wizards (D:6)
  9 adders
  A shadow imp (D:6)
  A white imp (D:5)
  3 dart slugs
  15 orcs
  5 ball pythons
  5 endoplasms
  5 giant cockroaches
  7 goblins
  5 hobgoblins
  3 quokkas
  2 bats (D:1)
  2 frilled lizards (D:1)
  3 kobolds
  9 rats
100 creatures vanquished.

Vanquished Creatures (collateral kills)
  Dowan (D:5)
1 creature vanquished.

Grand Total: 101 creatures vanquished

Notes
Turn   | Place    | Note
-------+----------+-------------------------------------------
     0 | D:1      | Lolow the Merfolk Venom Mage began the quest for the Orb.
     0 | D:1      | Reached XP level 1. HP: 13/13 MP: 3/3
   109 | D:1      | Reached XP level 2. HP: 19/19 MP: 5/5
   306 | D:1      | Learned a level 2 spell: Poisonous Vapours
   662 | D:1      | Found a faded altar of an unknown god.
   777 | D:1      | Prayed at the altar of an unknown god.
   777 | D:1      | Became a worshipper of Makhleb the Destroyer
   777 | D:1      | Reached * piety under Makhleb
  1294 | D:2      | Learned a level 2 spell: Wereblood
  1358 | D:2      | Reached XP level 3. HP: 24/24 MP: 3/6
  1363 | D:2      | Reached skill level 1 in Polearms
  2257 | D:3      | Learned a level 1 spell: Necrotise
  2463 | D:3      | Noticed a scorpion
  2472 | D:3      | Killed a scorpion
  2473 | D:3      | Reached XP level 4. HP: 31/31 MP: 4/7
  2889 | D:4      | Reached XP level 5. HP: 36/36 MP: 8/8
  3652 | D:4      | Reached skill level 1 in Fighting
  3984 | D:5      | Entered Level 5 of the Dungeon
  3984 | D:5      | Noticed Duvessa
  3984 | D:5      | Noticed Dowan
  4075 | D:5      | Learned a level 1 spell: Summon Small Mammal
  4207 | D:5      | Reached skill level 1 in Throwing
  4207 | D:5      | Reached XP level 6. HP: 43/43 MP: 5/10
  4295 | D:5      | Identified the +1 pair of boots of Gestures {rPois}
  4558 | D:5      | Killed Dowan
  4711 | D:5      | Reached ** piety under Makhleb
  4942 | D:5      | Reached skill level 1 in Air Magic
  4942 | D:5      | Reached XP level 7. HP: 41/48 MP: 3/12
  5176 | D:5      | Reached skill level 1 in Ranged Weapons
  5182 | D:5      | Learned a level 4 spell: Olgreb's Toxic Radiance
  5391 | D:5      | Found a basalt altar of Yredelemnul.
  5391 | D:5      | Found a snail-covered altar of Cheibriados.
  5751 | D:6      | Reached skill level 1 in Armour
  5863 | D:6      | Reached skill level 1 in Necromancy
  5966 | D:6      | Reached XP level 8. HP: 51/54 MP: 2/13
  6150 | D:5      | Reached skill level 5 in Dodging
  6776 | D:6      | Reached skill level 5 in Polearms
  6823 | D:6      | Found a staircase to the Ecumenical Temple.
  7879 | D:6      | Mangled by an orc warrior

Illustrated notes

Levels and vault maps discovered:
D:1:      grunt_arrival_lava_bath, layout_basic,
          hellmonk_ecumenical_altar_arch_garden, dreamdust_mushroom_princess
D:2:      layout_basic
D:3:      layout_basic, hangedman_decor_push, minmay_crystal_room
D:4:      layout_basic
D:5:      layout_basic, gammafunk_temple_overflow_wave, uniq_duvessa
D:6:      layout_gridville, minmay_temple_entry_trees, serial_rivers,
          chequers_serial_rivers_room_b, chequers_serial_rivers_micro_b,
          chequers_serial_rivers_micro_a, chequers_serial_rivers_small_b,
          chequers_serial_rivers_micro_e, nicolae_concentric_dashed_squares_mild

Skill      XL: |  1  2  3  4  5  6  7  8 |
---------------+-------------------------+-----
Polearms       | 1 2 3 4 5 |  5.3
Dodging        | 3 4 5 |  5.3
Stealth        | 3 |  3.6
Fighting       | 1 |  1.6
Spellcasting   | 3 4 |  4.1
Throwing       | 1 2 3 |  3.5
Transmutations | 2 |  2.1
Air Magic      | 1 2 |  2.1
Ranged Weapons | 1 |  1.3
Armour         | 1 |  1.0
Necromancy     | 1 |  1.0
Poison Magic   | 4 |  4.2
Short Blades   | |  0.8
Shields        | |  0.9
Summonings     | |  0.2

Action                   |  1- 3 |  4- 6 |  7- 9 || total
-------------------------+-------+-------+-------++-------
Melee: Dagger            |    15 |       |       ||    15
       Spear             |    45 |   121 |   172 ||   338
       Punch             |       |     1 |     1 ||     2
       Tailslap          |       |       |     7 ||     7
 Fire: Sling             |     4 |       |       ||     4
       Shortbow          |       |       |    23 ||    23
Throw: Dart              |    10 |    27 |    43 ||    80
       Javelin           |       |    14 |     2 ||    16
       Stone             |       |       |     7 ||     7
 Cast: Sting             |     4 |     1 |       ||     5
       Poisonous Vapours |     4 |     6 |    35 ||    45
       Wereblood         |     3 |     1 |     2 ||     6
       Necrotise         |     2 |     5 |     4 ||    11
       Summon Small Mamm |       |     3 |     1 ||     4
Evoke: Wand              |       |       |     1 ||     1
  Use: Scroll            |     5 |    11 |     6 ||    22
       Potion            |       |       |     3 ||     3
 Stab: Sleeping          |     3 |       |       ||     3
Armor: Robe              |     9 |       |    39 ||    48
       Leather armour    |       |    19 |     8 ||    27
Dodge: Dodged            |    28 |    48 |    89 ||   165
Block: Other             |    11 |    16 |    19 ||    46
       Reflection        |     1 |     2 |     1 ||     4

Table legend: (Time is in decaauts)
 A = Elapsed time spent in this place.
 B = Non-inter-level travel time spent in this place.
 C = Inter-level travel time spent in this place.
 D = Time resting spent in this place.
 E = Time spent auto-exploring this place.
 F = Levels seen in this place.
 G = Mean time per level.
                   A        B        C        D        E       F      G
               +--------+--------+--------+--------+--------+-----+--------+
         Total |   7825 |   7825 |      0 |   2167 |   2939 |   6 | 1304.2 |
       Dungeon |   7825 |   7825 |      0 |   2167 |   2939 |   6 | 1304.2 |
               +--------+--------+--------+--------+--------+-----+--------+

Top non-repeatable levels by time:
     D:5: 1953 daAuts
     D:4: 1567 daAuts
     D:6: 1513 daAuts
     D:1: 1113 daAuts
     D:3: 849 daAuts
     D:2: 828 daAuts
